 Dungeon Crawl Stone Soup version 0.17.1-1-g73c8601 (webtiles) character file.

93 JustSomeDude the Insei (level 4, 0/35 HPs)
             Began as a Demonspawn Monk on Jan 5, 2016.
             Slain by an orc
             ... wielding a +0 dagger
              (1 damage)
             ... on level 3 of the Dungeon.
             The game lasted 00:12:21 (1542 turns).

JustSomeDude the Insei (Demonspawn Monk)            Turns: 1542, Time: 00:12:21

Health: 0/35       AC:  8    Str: 11    XL:     4   Next: 36%
Magic:  3/4        EV: 12    Int: 17    God:
Gold:   143        SH:  0    Dex: 16    Spells: 0 memorised, 3 levels left

rFire  + . .     SeeInvis .     e - +1 dagger
rCold  x . .     Clarity  .     j - +0 ring mail
rNeg   + . .     SustAt   .     (no shield)
rPois  .         Gourm    .     (no helmet)
rElec  .         Spirit   .     p - +1 cloak {+Inv}
rCorr  .         Warding  .     (no gloves)
rMut   .         Stasis   .     i - +0 pair of boots
MR     .....                    (no amulet)
Stlth  +++.......               o - ring of positive energy
                                c - ring of fire

@: brilliant, very slightly contaminated, not resistant to hostile enchantments,
fairly stealthy
A: nightstalker 2
a: Evoke Invisibility


You were on level 3 of the Dungeon.
You were near starving.

You visited 1 branch of the dungeon, and saw 3 of its levels.

You collected 143 gold pieces.

Inventory:

Hand Weapons
 e - a +1 dagger (weapon)
Missiles
 g - 3 tomahawks (quivered)
Armour
 i - a +0 pair of boots (worn)
 j - a +0 ring mail (worn)
 p - a +1 cloak of invisibility (worn)
Jewellery
 c - a ring of fire (left hand)
 f - a cursed ring of loudness {unknown}
 o - a ring of positive energy (right hand)
Wands
 n - a wand of confusion (5)
Scrolls
 d - a scroll of amnesia {unknown}
 k - a scroll of fog
Comestibles
 a - 3 meat rations
 b - 2 bread rations
 m - 2 royal jellies


   Skills:
 + Level 3.2 Fighting
 * Level 0.6 Short Blades
 + Level 1.0 Armour
 + Level 3.4 Dodging
 * Level 2.2 Stealth
 - Level 4.1 Unarmed Combat


You had 3 spell levels left.
You didn't know any spells.

Dungeon Overview and Level Annotations

Branches:
Dungeon (3/15)

Altars:
Ashenzari
Elyvilon


Innate Abilities, Weirdness & Mutations

You are significantly more attuned to the shadows.


Message History

The orc is severely wounded.
The orc hits you with a dagger.
* * * LOW HITPOINT WARNING * * *
You barely miss the orc.
The orc is severely wounded.
The orc hits you with a dagger.
* * * LOW HITPOINT WARNING * * *
You hit the orc but do no damage.
The orc is severely wounded.
You hit the orc but do no damage.
The orc is severely wounded.
The orc closely misses you.
You hit the orc but do no damage.
The orc is severely wounded.
You hear the slow rusting of a distant drain.
The orc barely misses you.
You hit the orc but do no damage.
The orc is severely wounded.
The orc hits you with a dagger.
You die...

#.# #####.## #.......
.#.## #..#.... #...#
#..#..#. #...#
####..#..#.
#.!.####..........
#####.................
#...o@................
..............>#.#....
#.....).....#..#...#).
#####.)).......#..###.
#.....#.....#..# #.
#.......######... ..
##.$...## ##.####
##...## ....#


You could see an orc.

Vanquished Creatures
  An orc wizard (D:3)
  2 adders (D:2)
  An ooze (D:2)
  2 giant geckos
  2 orcs (D:3)
  3 ball pythons
  A giant cockroach (D:1)
  4 hobgoblins
  2 jackals (D:1)
  4 kobolds
  3 bats
  A giant newt (D:2)
  5 goblins
  8 rats (D:1)
39 creatures vanquished.

Notes
Turn   | Place    | Note
--------------------------------------------------------------
     0 | D:1      | JustSomeDude the Demonspawn Monk began the quest for the Orb.
     0 | D:1      | Reached XP level 1. HP: 18/18 MP: 1/1
   122 | D:1      | Gained mutation: You are slightly more attuned to the shadows. [demonic ancestry]
   122 | D:1      | Reached XP level 2. HP: 24/24 MP: 2/2
   873 | D:2      | Reached skill level 4 in Unarmed Combat
   885 | D:2      | Reached XP level 3. HP: 27/29 MP: 3/3
   908 | D:2      | Found a shattered altar of Ashenzari.
   978 | D:2      | Found a white marble altar of Elyvilon.
  1520 | D:3      | Reached skill level 1 in Armour
  1520 | D:3      | Gained mutation: You are significantly more attuned to the shadows. [demonic ancestry]
  1520 | D:3      | Reached XP level 4. HP: 6/35 MP: 1/4
  1538 | D:3      | HP: 1/35 [orc/dagger (3)]
  1542 | D:3      | Slain by an orc

Action                   |  1- 3 |  4- 6 || total
-------------------------+-------+-------++-------
Melee: Unarmed           |    26 |       ||    26
       Dagger            |   117 |    19 ||   136
 Abil: Evoke Invisibilit |     1 |       ||     1
  Use: Potion            |     3 |       ||     3
       Scroll            |     4 |       ||     4
 Stab: Sleeping          |     7 |       ||     7
       Invisible         |     1 |     2 ||     3
  Eat: Chunk             |     1 |       ||     1
